cohdb
Replays
Latest Replays
All Replays
Popular Replays
Top Player Replays
Match Explorer
How It Works
Community
CoH3 Stats
Reddit
Sign in to upload your games and track your stats! →
Sign in with Steam
Match 23803727
Unlisted
Match 23803727
Overview
Messages
Build Orders
End
Kettenkrad Recon Vehicle
Construct Infanterie Kompanie
Selects Breakthrough Battlegroup
Selects Assault Grenadiers
MG 42 Machine Gun Team
Grenadier Squad
Grenadier Squad
Construct Panzergrenadier Kompanie
Selects Rapid Production
251 Medium Carrier
Panzergrenadier Squad
Pak 40 Anti-tank Gun Team
251 Medium Carrier
Support Elements
Selects Smoke Bombing Run
Selects Incendiary Bombing Run
Incendiary Bombing Run
Nebelwerfer 42 Rocket Launcher Team
Lone Duck
赵天天001
Mahi Mahi
荒喃
银魂
有摆子
mole
Seiun Sky
0
0
Comments
sign in to comment!
No comments posted yet!